 Dungeon Crawl Stone Soup version 0.28.0-1-gb440e238dd (webtiles) character file.

Game seed: 15719790009091552003

3171 Renzlar the Blocker (level 9, -5/74 HPs)
             Began as a Gnoll Fighter on Feb 19, 2022.
             Was a Follower of Okawaru.
             Slain by a two-headed ogre (9 damage)
             ... on level 8 of the Dungeon on Feb 20, 2022.
             The game lasted 00:23:44 (6281 turns).

Renzlar the Blocker (Gnoll Fighter)                 Turns: 6281, Time: 00:23:44

Health: -5/74      AC: 16    Str: 22    XL:     9   Next: 94%
Magic:  0/16       EV: 18    Int:  9    God:    Okawaru [*.....]
Gold:   286        SH:  7    Dex: 14    Spells: 17/17 levels left

rFire   . . .      SeeInvis .   a - +0 war axe (venom)
rCold   . . .      Faith    .   l - +0 buckler
rNeg    . . .      Spirit   +   b - +1 scale mail
rPois   +          Reflect  .   (no helmet)
rElec   .          Harm     .   g - +0 cloak
rCorr   .          Rampage  .   i - +1 pair of gloves
Will    .....                   w - +0 pair of boots
Stlth   +++.......              e - amulet of guardian spirit
HPRegen 0.22/turn               o - +4 ring of evasion
MPRegen 0.15/turn               x - ring of poison resistance

@: heroic
A: fangs 1, strong nose, distributed training, hooves 1, agile 1, strong 2
a: Renounce Religion, Heroism


You were on level 8 of the Dungeon.
You worshipped Okawaru.
Okawaru was aware of your devotion.
You visited 2 branches of the dungeon, and saw 9 of its levels.

You collected 286 gold pieces.

Inventory:

Hand Weapons
 a - a +0 war axe of venom (weapon)
 c - a +0 hunting sling
 d - a +1 whip of electrocution
 z - a +4 dagger of venom
Missiles
 f - 193 stones
 n - 7 poisoned darts (quivered)
 C - 11 bolts
Armour
 b - a +1 scale mail (worn)
 g - a +0 cloak (worn)
 i - a +1 pair of gloves (worn)
 l - a +0 buckler (worn)
 q - the +1 leather armour of Geabog {rF+ Str-2 Dex+4 SInv}
   (You found it on level 4 of the Dungeon)

   Str:       It affects your strength (-2).
   Dex:       It affects your dexterity (+4).
   rF:        It protects you from fire.
   SInv:      It lets you see invisible.
 w - a +0 pair of boots (worn)
Jewellery
 e - an amulet of guardian spirit (around neck)
 o - a +4 ring of evasion (left hand)
 t - a ring of positive energy
 x - a ring of poison resistance (right hand)
Wands
 u - a wand of polymorph (18)
Scrolls
 k - a scroll of teleportation
 p - a scroll of magic mapping
 s - a scroll of enchant armour
 y - a scroll of fear
Potions
 h - 2 potions of curing
 j - a potion of berserk rage {unknown}
 m - 2 potions of heal wounds
 r - a potion of invisibility
 v - a potion of lignification {unknown}
 A - a potion of resistance {unknown}
 B - a potion of might


   Skills:
 + Level 8.1(13.1) Fighting
 + Level 4.7(9.7) Short Blades
 + Level 4.7(9.7) Long Blades
 + Level 6.6(11.6) Axes
 + Level 4.7(9.7) Maces & Flails
 + Level 4.7(9.7) Polearms
 + Level 4.7(9.7) Staves
 + Level 4.7(9.7) Slings
 + Level 4.7(9.7) Bows
 + Level 4.7(9.7) Crossbows
 + Level 4.7(9.7) Throwing
 + Level 8.1(13.1) Armour
 + Level 4.7(9.7) Dodging
 + Level 4.7(9.7) Stealth
 + Level 8.1(13.1) Shields
 + Level 4.7(9.7) Unarmed Combat
 + Level 4.7 Spellcasting
 + Level 3.9 Conjurations
 + Level 3.9 Hexes
 + Level 3.9 Summonings
 + Level 3.9 Necromancy
 + Level 3.9 Translocations
 + Level 3.9 Transmutations
 + Level 3.9 Fire Magic
 + Level 3.9 Ice Magic
 + Level 3.9 Air Magic
 + Level 3.9 Earth Magic
 + Level 3.9 Poison Magic
 + Level 5.2 Invocations
 + Level 4.7 Evocations


You had 17 spell levels left.
You didn't know any spells.
Your spell library contained the following spells:

 Spells                   Type           Power      Damage    Failure   Level
 Shock                    Conj/Air       36%        1d5       12%         1
 Gell's Gravitas          Tloc           9%         N/A       36%         3
 Lesser Beckoning         Tloc           9%         N/A       36%         3
 Ozocubu's Armour         Ice            9%         N/A       36%         3
 Teleport Other           Tloc           9%         N/A       36%         3
 Hailstorm                Conj/Ice       9%         3d4       77%         4
 Ice Form                 Ice/Tmut       9%         N/A       77%         4
 Ozocubu's Refrigeration  Ice            4%         4d5       100%        7
 Animate Skeleton         Necr           Unusable   N/A       N/A         1
 Simulacrum               Ice/Necr       Unusable   N/A       N/A         6

Dungeon Overview and Level Annotations

Branches:
Dungeon (8/15)             Temple (1/1) D:6
   Lair: D:8-11

Altars:
Elyvilon
Fedhas
Hepliaklqana
Nemelex Xobeh
Okawaru
Qazlal
Ru
Sif Muna
Trog
Uskayaw
Wu Jian
Zin
The Shining One


Innate Abilities, Weirdness & Mutations

You have very sharp teeth.
Your uncanny sense of smell can sniff out nearby items.
Your experience applies equally to all skills.
You have large cloven feet.
You are agile. (Dex +2)
Your muscles are very strong. (Str +4)


Message History

The two-headed ogre is heavily wounded.
The two-headed ogre hits you with a +0 giant club!
You block the two-headed ogre's attack.
You hit the two-headed ogre. Your bite misses the two-headed ogre.
The two-headed ogre is heavily wounded.
The two-headed ogre closely misses you. The two-headed ogre misses you.
Your +1 whip of electrocution stops crackling.
Your +0 war axe of venom begins to drip with poison!
a - a +0 war axe of venom (weapon)
You gain the combat prowess of a mighty hero.
The two-headed ogre hits you with a +0 giant club.
* * * LOW HITPOINT WARNING * * *
You block the two-headed ogre's attack.
Unknown command.
You completely miss the two-headed ogre.
The two-headed ogre is heavily wounded.
The two-headed ogre hits you but does no damage.
The two-headed ogre closely misses you.
You completely miss the two-headed ogre.
You bite the two-headed ogre.
The two-headed ogre is heavily wounded.
You hit the two-headed ogre but do no damage.
The two-headed ogre is poisoned.
The two-headed ogre is heavily wounded.
You block the two-headed ogre's attack. x2
You closely miss the two-headed ogre.
The two-headed ogre is heavily wounded.
The two-headed ogre completely misses you.
The two-headed ogre hits you with a +0 giant club!
* * * LOW HITPOINT WARNING * * *
Unknown command.
You hit the two-headed ogre.
The two-headed ogre looks as sick as possible!
The two-headed ogre is heavily wounded.
You barely miss the two-headed ogre.
The two-headed ogre is severely wounded.
The two-headed ogre hits you with a +0 giant club!
* * * LOW HITPOINT WARNING * * *
The two-headed ogre hits you with a +0 giant club!
You die...

..### #.# #≈..♣ ♣..≈#
....# #.# #≈..♣ ♣..≈#
..#.# #.# #≈..♣ ♣..≈#
..#.###.# #≈..♣♣♣♣♣♣♣..≈#
........####≈...........≈#
..#........#≈...........≈#
..########.#≈≈≈≈≈≈.≈≈≈≈≈≈#
### #.#######'#######
#.....O@..# ###########


You could see a two-headed ogre (extremely poisoned).

Vanquished Creatures
  A steam dragon (D:6)
  4 yaks (D:6)
  Duvessa (D:7)
  A water moccasin (D:5)
  3 orc warriors
  A black bear (D:6)
  3 ice beasts
  2 ogres
  A necrophage (D:7)
  2 centaurs
  A kobold brigand (D:6)
  A bullfrog (D:6)
  A wyvern zombie (D:7)
  A wyvern skeleton (D:7)
  Dowan (D:7)
  A water moccasin skeleton (D:4)
  3 killer bees (D:7)
  A crimson imp (D:4)
  A centaur zombie (D:5)
  An orc priest (D:5)
  7 hounds
  3 bullfrog skeletons
  3 iguanas
  3 orc wizards
  A hound skeleton (D:5)
  6 adders
  A shadow imp (D:7)
  A white imp (D:4)
  A worm (D:2)
  2 dart slugs
  22 orcs
  3 bats
  4 endoplasms
  3 giant cockroaches
  6 goblins
  8 hobgoblins
  3 quokkas
  11 ball pythons
  A frilled lizard (D:2)
  11 kobolds
  3 rats
134 creatures vanquished.

Notes
Turn   | Place    | Note
-------+----------+-------------------------------------------
     0 | D:1      | Renzlar the Gnoll Fighter began the quest for the Orb.
     0 | D:1      | Reached XP level 1. HP: 23/23 MP: 1/1
   116 | D:1      | Found a faded altar of an unknown god.
   258 | D:1      | Reached XP level 2. HP: 29/29 MP: 2/2
   718 | D:2      | Reached XP level 3. HP: 35/35 MP: 3/3
   900 | D:2      | Reached skill level 1 in Invocations
  1498 | D:3      | Reached skill level 1 in Short Blades
  1498 | D:3      | Reached skill level 1 in Long Blades
  1498 | D:3      | Reached skill level 1 in Maces & Flails
  1498 | D:3      | Reached skill level 1 in Polearms
  1498 | D:3      | Reached skill level 1 in Staves
  1498 | D:3      | Reached skill level 1 in Slings
  1498 | D:3      | Reached skill level 1 in Bows
  1498 | D:3      | Reached skill level 1 in Crossbows
  1498 | D:3      | Reached skill level 1 in Throwing
  1498 | D:3      | Reached skill level 1 in Dodging
  1498 | D:3      | Reached skill level 1 in Stealth
  1498 | D:3      | Reached skill level 1 in Unarmed Combat
  1498 | D:3      | Reached skill level 1 in Spellcasting
  1498 | D:3      | Reached skill level 1 in Evocations
  1502 | D:3      | Reached XP level 4. HP: 39/41 MP: 3/5
  1520 | D:3      | Reached skill level 1 in Conjurations
  1520 | D:3      | Reached skill level 1 in Hexes
  1520 | D:3      | Reached skill level 1 in Summonings
  1520 | D:3      | Reached skill level 1 in Necromancy
  1520 | D:3      | Reached skill level 1 in Translocations
  1520 | D:3      | Reached skill level 1 in Transmutations
  1520 | D:3      | Reached skill level 1 in Fire Magic
  1520 | D:3      | Reached skill level 1 in Ice Magic
  1520 | D:3      | Reached skill level 1 in Air Magic
  1520 | D:3      | Reached skill level 1 in Earth Magic
  1520 | D:3      | Reached skill level 1 in Poison Magic
  1734 | D:3      | Gained mutation: You are agile. (Dex +2) [potion of
                  | mutation]
  1734 | D:3      | Gained mutation: You sometimes lose the ability to read
                  | scrolls when taking damage. [potion of mutation]
  1734 | D:3      | Gained mutation: You passively dampen the noise of your
                  | surroundings. [potion of mutation]
  1735 | D:3      | Lost mutation: You sometimes lose the ability to read
                  | scrolls when taking damage. [potion of mutation]
  1735 | D:3      | Lost mutation: You are agile. (Dex +2) [potion of mutation]
  1735 | D:3      | Lost mutation: You passively dampen the noise of your
                  | surroundings. [potion of mutation]
  1735 | D:3      | Gained mutation: You have large cloven feet. [potion of
                  | mutation]
  1735 | D:3      | Gained mutation: Your muscles are strong. (Str +2) [potion
                  | of mutation]
  1735 | D:3      | Gained mutation: Your muscles are very strong. (Str +4)
                  | [potion of mutation]
  1735 | D:3      | Gained mutation: You are agile. (Dex +2) [potion of
                  | mutation]
  1747 | D:3      | Noticed an ogre
  1752 | D:3      | Killed an ogre
  1753 | D:3      | Reached XP level 5. HP: 47/47 MP: 5/7
  2048 | D:3      | Found a glowing silver altar of Zin.
  2213 | D:3      | Upgraded the game from 0.28.0 to 0.28.0-1-gb440e238dd
  2306 | D:4      | Reached XP level 6. HP: 53/53 MP: 8/8
  2387 | D:4      | Identified the +1 leather armour of Geabog {rF+ Str-2 Dex+4
                  | SInv}
  2548 | D:4      | Reached skill level 5 in Axes
  2946 | D:5      | Entered Level 5 of the Dungeon
  3004 | D:5      | Reached XP level 7. HP: 39/59 MP: 5/10
  3187 | D:5      | Found a sacrificial altar of Ru.
  3190 | D:5      | Found a hazy altar of Hepliaklqana.
  3191 | D:5      | Found a blossoming altar of Fedhas.
  3192 | D:5      | Found a hide-covered altar of Uskayaw.
  3617 | D:5      | Reached XP level 8. HP: 43/67 MP: 9/12
  3985 | D:6      | Noticed a yak
  3985 | D:6      | Noticed a yak
  3985 | D:6      | Noticed a yak
  3985 | D:6      | Noticed a yak
  4014 | D:6      | Killed a yak
  4018 | D:6      | Killed a yak
  4022 | D:6      | Killed a yak
  4025 | D:6      | Killed a yak
  4318 | D:6      | Reached XP level 9. HP: 46/72 MP: 8/14
  4584 | D:6      | Found a staircase to the Ecumenical Temple.
  4590 | Temple   | Entered the Ecumenical Temple
  4609 | Temple   | Became a worshipper of Warmaster Okawaru
  5399 | D:7      | Noticed Duvessa
  5399 | D:7      | Noticed Dowan
  5413 | D:7      | Killed Duvessa
  5413 | D:7      | Reached * piety under Okawaru
  5415 | D:7      | Killed Dowan
  5608 | D:7      | Found a shimmering blue altar of Sif Muna.
  5623 | D:7      | Reached skill level 5 in Invocations
  5670 | D:7      | Got Sif Muna's Reference Book on Necromancy and Air
  5675 | D:7      | Found a bloodstained altar of Trog.
  6200 | D:8      | Noticed a two-headed ogre
  6281 | D:8      | Slain by a two-headed ogre

Illustrated notes

Levels and vault maps discovered:
D:1:      lightli_arrival_quake, layout_rooms, basic_ecumenical_altar
D:2:      layout_basic
D:3:      layout_basic, mainiacjoe_overflow_alcove_4
D:4:      layout_basic, minmay_fire_ice_demons
D:5:      layout_basic, minitemple, solitary_fountain
D:6:      layout_basic, minmay_temple_entry_fiery
D:7:      layout_basic, nzn_overflow_gifts_of_might_and_magic,
          skrybe_limestone_x, uniq_duvessa
D:8:      nzn_winding_woodlands_medium [nzn_winding_woodlands_hourglass,
          nzn_winding_woodlands_5x15_split_checker,
          nzn_winding_woodlands_5x5_closed_star,
          nzn_winding_woodlands_5x5_checkerboard,
          nzn_winding_woodlands_center_diamonds,
          nzn_winding_woodlands_5x5_default, nzn_winding_woodlands_5x5_cross,
          nzn_winding_woodlands_5x15_lazy_stream,
          nzn_winding_woodlands_5x5_three], layout_loops_ring, kennysheep_path_1
Temple:   regret_index_temple_waves

Skill      XL: |  1  2  3  4  5  6  7  8  9 |
---------------+----------------------------+-----
Invocations    | 1 2 3 4 5 |  5.2
Short Blades   | 1 2 3 4 |  4.7
Long Blades    | 1 2 3 4 |  4.7
Maces & Flails | 1 2 3 4 |  4.7
Polearms       | 1 2 3 4 |  4.7
Staves         | 1 2 3 4 |  4.7
Slings         | 1 2 3 4 |  4.7
Bows           | 1 2 3 4 |  4.7
Crossbows      | 1 2 3 4 |  4.7
Throwing       | 1 2 3 4 |  4.7
Dodging        | 1 2 3 4 |  4.7
Stealth        | 1 2 3 4 |  4.7
Unarmed Combat | 1 2 3 4 |  4.7
Spellcasting   | 1 2 3 4 |  4.7
Evocations     | 1 2 3 4 |  4.7
Conjurations   | 1 2 3 |  3.9
Hexes          | 1 2 3 |  3.9
Summonings     | 1 2 3 |  3.9
Necromancy     | 1 2 3 |  3.9
Translocations | 1 2 3 |  3.9
Transmutations | 1 2 3 |  3.9
Fire Magic     | 1 2 3 |  3.9
Ice Magic      | 1 2 3 |  3.9
Air Magic      | 1 2 3 |  3.9
Earth Magic    | 1 2 3 |  3.9
Poison Magic   | 1 2 3 |  3.9
Axes           | 5 6 |  6.6
Fighting       | 7 8 |  8.1
Armour         | 7 8 |  8.1
Shields        | 7 8 |  8.1

Action                   |  1- 3 |  4- 6 |  7- 9 || total
-------------------------+-------+-------+-------++-------
Melee: War axe           |    87 |    98 |   103 ||   288
       Bite              |     5 |    16 |    48 ||    69
       Kick              |       |    17 |       ||    17
       Whip              |       |    15 |   187 ||   202
 Fire: Hunting sling     |       |    29 |    77 ||   106
Throw: Dart              |       |       |     4 ||     4
Invok: Heroism           |       |       |     1 ||     1
Evoke: Wand              |       |       |     2 ||     2
  Use: Scroll            |     3 |     3 |     7 ||    13
       Potion            |       |     2 |     3 ||     5
Armor: Scale mail        |    40 |    12 |    87 ||   139
       Chain mail        |       |    44 |       ||    44
Dodge: Dodged            |    40 |    45 |   195 ||   280
Block: Buckler           |    21 |    24 |    78 ||   123
